 Dungeon Crawl Stone Soup version 0.22-a0-398-g8bb545f033 (webtiles) character file.

15137 PavukDmytro the Severer (level 12, 0/113 HPs)
             Began as a Hill Orc Fighter on May 4, 2018.
             Was an Elder of Trog.
             Slain by dcsswall's ghost (3 damage)
             ... on level 13 of the Dungeon on May 5, 2018.
             The game lasted 01:14:39 (16011 turns).

PavukDmytro the Severer (Hill Orc Fighter)         Turns: 16011, Time: 01:14:40

Health: 0/113      AC: 17    Str: 24    XL:     12   Next: 23%
Magic:  12/12      EV:  7    Int: 10    God:    Trog [****..]
Gold:   690        SH:  0    Dex: 10    Spells: 11/11 levels left

rFire    . . .     SeeInvis .   z - +1 battleaxe (venom)
rCold    + . .     Gourm    .   (shield currently unavailable)
rNeg     + . .     Faith    .   m - +0 plate armour
rPois    .         Spirit   .   q - +2 hat
rElec    .         Reflect  .   D - +0 cloak
rCorr    .         Harm     .   G - +0 pair of gloves
MR       ++...                  H - +0 pair of boots
Stlth    ..........             U - amulet of regeneration
HPRegen  1.68/turn              O - ring of positive energy
MPRegen  0.13/turn              k - ring of protection from cold

@: liquid flames, berserk cooldown, regenerating, slowed, glowing, very slow
A: clever 1, deformed body, evolution 1
a: Berserk, Trog's Hand, Brothers in Arms, Renounce Religion


You were on level 13 of the Dungeon.
You worshipped Trog.
Trog was greatly pleased with you.
You were hungry.

You visited 2 branches of the dungeon, and saw 13 of its levels.

You collected 690 gold pieces.

Inventory:

Hand Weapons
 a - a +0 war axe
 z - a +1 battleaxe of venom (weapon)
 I - a +2 mace of protection
 J - a +3 quarterstaff of chaos
 M - a +0 halberd of venom
Missiles
 w - 13 javelins (quivered)
 y - 5 steel javelins
Armour
 c - a +0 shield
 m - a +0 plate armour (worn)
 q - a +2 hat (worn)
 D - a +0 cloak (worn)
 E - a +1 chain mail
 G - a +0 pair of gloves (worn)
 H - a +0 pair of boots (worn)
Jewellery
 b - an uncursed ring of poison resistance {unknown}
 k - a ring of protection from cold (right hand)
 t - an uncursed amulet of the gourmand
 O - a ring of positive energy (left hand)
 S - an uncursed ring of ice
 U - an amulet of regeneration (around neck)
 W - an uncursed ring of flight
Wands
 r - a wand of flame (26)
 A - a wand of acid (3)
 R - a wand of iceblast (4)
 Z - a wand of polymorph (9)
Scrolls
 h - 4 scrolls of teleportation
 i - a scroll of remove curse
 l - a scroll of random uselessness
 n - 2 scrolls of amnesia
 o - a scroll of magic mapping
 s - a scroll of fear
Potions
 d - 2 potions of might
 e - 2 potions of haste
 g - 2 potions of cancellation
 p - 4 potions of flight
 u - 4 potions of brilliance
 v - a potion of resistance
 Q - 2 potions of ambrosia
Miscellaneous
 X - a phial of floods
Comestibles
 f - 28 rations
 j - 2 chunks of flesh


   Skills:
 - Level 12.9 Fighting
 * Level 15.2 Axes
 - Level 12.0 Armour
 + Level 0.6 Stealth
 - Level 3.5 Shields
 - Level 1.3 Evocations


You had 11 spell levels left.
You didn't know any spells.

Dungeon Overview and Level Annotations

Branches:
Dungeon (11/15)            Temple (1/1) D:5             Orc (0/2) D:10
   Lair: D:8-11

Altars:
Ashenzari
Cheibriados
Dithmenos
Elyvilon
Fedhas
Gozag
Hepliaklqana
Kikubaaqudgha
Makhleb
Nemelex Xobeh
Okawaru
Qazlal
Ru
Sif Muna
Trog
Uskayaw
Vehumet
Wu Jian
Xom
Yredelemnul
Zin
The Shining One

Annotations:
D:13 dcsswall's ghost, journeyman DrEE


Innate Abilities, Weirdness & Mutations

Your mind is acute. (Int +2)
Armour fits poorly on your strangely shaped body.
You evolve.


Message History

Dcsswall's ghost casts a spell at you. The blast of sand misses you.
Dcsswall's ghost hits you but does no damage.
Your skin crawls.
You feel resistant to hostile enchantments.
You are feeling hungry.
Dcsswall's ghost sprays you with burning goo.
The sticky flame hits you!
You are covered in liquid flames!
You fail to use your ability.
You are covered in liquid flames!
* * * LOW HITPOINT WARNING * * *
Dcsswall's ghost hits you but does no damage.
Dcsswall's ghost gestures at you while chanting.
The blast of sand hits you!
You fail to use your ability.
You are covered in liquid flames!
* * * LOW HITPOINT WARNING * * *
Dcsswall's ghost hits you.
You die...

.. .# .###.# .. ..#.#
.## #.#.# ..# #...# #.#
#..# #)# #######.##
#######@## #........###
.......)W####........'.#
.........'.##........#..
[........#.##........##.
.........#..#........###
.........##.'..W.....#
.....!...####..).....#
.........# #........#
.........# #######'##


You could see dcsswall's ghost.

Vanquished Creatures
  Erolcha (D:9)
  3 two-headed ogres
  2 unseen horrors
  Pikel (D:5)
  2 deep elf magi (D:13)
  An ugly thing (D:10)
  A gargoyle (D:13)
  2 trolls
  4 hornets
  A vampire (D:10)
  A shadow (D:9)
  8 spriggans (D:8)
  A wyvern (D:9)
  3 yaks (D:10)
  A steam dragon (shapeshifter) (D:10)
  3 water moccasins
  6 orc warriors
  2 ice beasts
  4 sky beasts
  3 phantoms
  A necrophage (D:10)
  A black bear (D:6)
  A slave (D:5)
  4 ogres
  6 centaurs
  A crocodile (D:10)
  A big kobold (D:13)
  6 bullfrogs
  4 scorpions
  2 electric eels (D:10)
  A howler monkey (D:8)
  8 wights
  3 bullfrog zombies
  4 crimson imps
  A centaur zombie (D:5)
  A jelly (D:8)
  3 centaur skeletons
  9 orc priests
  Crazy Yiuf (D:6)
  4 hounds
  8 orc wizards
  2 bullfrog skeletons
  8 worker ants
  2 iguanas (D:8)
  3 hound skeletons
  A howler monkey zombie (D:5)
  13 gnolls
  12 adders
  A white imp (D:4)
  An adder skeleton (D:4)
  6 worms
  3 dart slugs
  8 leopard geckos
  39 orcs
  2 ball pythons
  2 bats
  6 giant cockroaches
  11 goblins
  6 hobgoblins
  4 jackals (D:2)
  6 quokkas
  9 frilled lizards
  A goblin skeleton (D:4)
  A hobgoblin zombie (D:4)
  A jackal skeleton (D:4)
  11 kobolds
  A kobold skeleton (D:4)
  2 kobold zombies (D:4)
  An orc skeleton (D:4)
  An orc zombie (D:4)
  10 rats
294 creatures vanquished.

Notes
Turn   | Place    | Note
-------+----------+-------------------------------------------
     0 | D:1      | PavukDmytro the Hill Orc Fighter began the quest for the Orb.
     0 | D:1      | Reached XP level 1. HP: 19/19 MP: 1/1
    82 | D:1      | Reached skill level 3 in Axes
    82 | D:1      | Reached XP level 2. HP: 11/27 MP: 2/2
   445 | D:1      | Reached XP level 3. HP: 33/33 MP: 3/3
   615 | D:1      | Reached skill level 4 in Axes
   953 | D:2      | Found a radiant altar of Vehumet.
  1046 | D:2      | Reached XP level 4. HP: 38/40 MP: 4/4
  1164 | D:3      | Reached skill level 5 in Axes
  1422 | D:3      | Reached XP level 5. HP: 41/46 MP: 5/5
  1824 | D:2      | Reached skill level 6 in Axes
  2846 | D:3      | Reached skill level 7 in Axes
  2850 | D:3      | Reached XP level 6. HP: 19/52 MP: 6/6
  3243 | D:3      | Found an iron altar of Okawaru.
  3315 | D:4      | Found a glowing golden altar of the Shining One.
  4081 | D:5      | Entered Level 5 of the Dungeon
  4086 | D:5      | Noticed a slave
  4086 | D:5      | Noticed a slave
  4088 | D:5      | Noticed Pikel
  4111 | D:4      | Reached skill level 8 in Axes
  4485 | D:4      | Reached skill level 9 in Axes
  4485 | D:4      | Reached XP level 7. HP: 59/59 MP: 7/7
  4562 | D:4      | Found an ancient bone altar of Kikubaaqudgha.
  5103 | D:5      | Found a bloodstained altar of Trog.
  5107 | D:5      | Became a worshipper of Trog the Wrathful
  5149 | D:5      | Found a staircase to the Ecumenical Temple.
  5174 | D:5      | Reached skill level 10 in Axes
  5195 | D:5      | Killed Pikel
  5195 | D:5      | Reached skill level 12 in Axes
  5195 | D:5      | Reached XP level 8. HP: 41/66 MP: 8/8
  5340 | Temple   | Entered the Ecumenical Temple
  5674 | D:5      | Reached skill level 5 in Fighting
  5675 | D:5      | Found a blossoming altar of Fedhas.
  6693 | D:6      | Reached XP level 9. HP: 59/80 MP: 9/9
  6980 | D:6      | Found a sparkling altar of Nemelex Xobeh.
  7089 | D:6      | Found a runed door.
  7093 | D:6      | Noticed Crazy Yiuf
  7100 | D:6      | Killed Crazy Yiuf
  7370 | D:6      | Reached * piety under Trog
  7855 | D:6      | Found a hazy altar of Hepliaklqana.
  9111 | D:7      | Reached skill level 10 in Fighting
 10596 | D:8      | Noticed a hornet
 10596 | D:8      | Paralysed by a hornet for 3 turns
 10597 | D:8      | Noticed a hornet
 10612 | D:8      | Killed a hornet
 10619 | D:8      | Killed a hornet
 10620 | D:8      | Noticed a hornet
 10637 | D:8      | Killed a hornet
 10637 | D:8      | Reached XP level 10. HP: 38/97 MP: 10/10
 11053 | D:8      | Reached skill level 5 in Armour
 11790 | D:9      | Noticed a two-headed ogre
 11798 | D:8      | Killed a two-headed ogre
 12098 | D:8      | Reached ** piety under Trog
 12566 | D:10     | Entered Level 10 of the Dungeon
 12666 | D:9      | Reached skill level 10 in Armour
 12719 | D:9      | Reached XP level 11. HP: 95/104 MP: 11/11
 13007 | D:9      | Noticed a two-headed ogre
 13014 | D:9      | Killed a two-headed ogre
 13014 | D:9      | Reached skill level 1 in Evocations
 13171 | D:10     | Noticed Erolcha
 13181 | D:9      | Killed Erolcha
 14131 | D:10     | Reached *** piety under Trog
 14165 | D:10     | Noticed a red ugly thing
 14176 | D:11     | Noticed a cyclops
 14781 | D:9      | Gained mutation: Armour fits poorly on your strangely shaped body. [potion of mutation]
 14781 | D:9      | Gained mutation: You evolve. [potion of mutation]
 14781 | D:9      | Gained mutation: Your mind is acute. (Int +2) [potion of mutation]
 14781 | D:9      | Gained mutation: You are resistant to hostile enchantments. (MR+) [potion of mutation]
 14794 | D:9      | Killed an unseen horror
 14794 | D:9      | Reached skill level 13 in Axes
 15037 | D:10     | Killed a red ugly thing
 15142 | D:10     | Reached **** piety under Trog
 15240 | D:10     | Found a staircase to the Orcish Mines.
 15536 | D:10     | HP: 3/106 [something (8)]
 15786 | D:10     | Lost mutation: You are resistant to hostile enchantments. (MR+) [evolution]
 15867 | D:11     | Noticed a manticore
 15873 | D:11     | You fall through a shaft for 2 floors!
 15873 | D:13     | Noticed a deep elf mage
 15879 | D:13     | Noticed a deep elf mage
 15886 | D:13     | Killed a deep elf mage
 15888 | D:13     | Reached skill level 14 in Axes
 15888 | D:13     | Reached XP level 12. HP: 113/113 MP: 12/12
 15975 | D:13     | Noticed dcsswall's ghost (journeyman DrEE)
 15981 | D:13     | Noticed a two-headed ogre
 15993 | D:13     | Killed a two-headed ogre
 15993 | D:13     | Reached skill level 15 in Axes
 16008 | D:13     | HP: 2/113 [burnt (4)]
 16011 | D:13     | Slain by dcsswall's ghost

Vault maps used:
D:1:      onia_arrival_mini_spirals
D:2:      cheibrodos_greedy_goblins, lemuel_round_altar, minmay_circled_x
D:3:      okawaru_metal_pillars_1_2, first_ration, hangedman_feature_mirror
D:4:      nicolae_tso_besieged_by_evil, lemuel_doored_altar
D:5:      lightli_temple_of_fire, fedhas_altar_fruit_tree,
          minmay_temple_entry_statues_fountains, uniq_pikel
D:6:      kennysheep_mini, basic_altar, uniq_crazy_yiuf_cottage
D:8:      kb_forest_paths, hangedman_pestilent_swarm
D:9:      minmay_bloctagon_deflated, grunt_ministairs_2, nrook_mini_vaults
D:10:     erik_orc_2, uniq_erolcha
D:11:     okawaru_arena_lexackson, grunt_lair_entry_orc_guard_hut, uniq_maurice
Temple:   nicolae_temple_no_exploring_needed

Skill      XL: |  1  2  3  4  5  6  7  8  9 10 11 12 |
---------------+-------------------------------------+-----
Fighting       | 4 7 12 | 12.9
Axes           | 3 4 5 7 9 12 14 15 | 15.2
Armour         | 10 12 | 12.0
Evocations     | 1 |  1.3
Stealth        | |  0.6
Shields        | |  3.5

Action                   |  1- 3 |  4- 6 |  7- 9 | 10-12 || total
-------------------------+-------+-------+-------+-------++-------
Melee: War axe           |    76 |   218 |   403 |   321 ||  1018
       Battleaxe         |       |       |       |   161 ||   161
Invok: Berserk           |       |       |       |     9 ||     9
       Trog's Hand       |       |       |       |     1 ||     1
Evoke: Wand              |       |       |       |     9 ||     9
  Use: Potion            |       |     1 |     8 |    11 ||    20
       Scroll            |       |       |    13 |    11 ||    24
  Eat: Chunk             |       |    12 |    22 |     7 ||    41
       Ration            |       |       |     2 |     3 ||     5
Armor: Scale mail        |    41 |    94 |       |       ||   135
       Chain mail        |       |       |   192 |   379 ||   571
       Skin              |       |       |    58 |    30 ||    88
       Plate armour      |       |       |       |   100 ||   100
Dodge: Dodged            |    32 |    80 |    61 |   131 ||   304
Block: Shield            |    33 |   110 |   142 |   139 ||   424

Table legend:
 A = Spawn XP
 B = Non-spawn XP
 C = Spawn XP percentage of total XP
 D = Spawn monster count
 E = Non-spawn monster count
 F = Spawn count percentage of total count
 G = Total turns spent on level
                    A         B        C        D         E        F      G
               +---------+---------+-------+---------+---------+-------+---------
         Total |       0 |   21625 |   0.0 |       0 |     293 |   0.0 | 16011
               +---------+---------+-------+---------+---------+-------+---------
           D:1 |       0 |      72 |   0.0 |       0 |      27 |   0.0 |   946
           D:2 |       0 |      74 |   0.0 |       0 |      28 |   0.0 |  1531
           D:3 |       0 |     224 |   0.0 |       0 |      35 |   0.0 |  1267
           D:4 |       0 |     292 |   0.0 |       0 |      24 |   0.0 |  1140
           D:5 |       0 |    1115 |   0.0 |       0 |      11 |   0.0 |  1143
           D:6 |       0 |    1308 |   0.0 |       0 |      24 |   0.0 |  2053
           D:7 |       0 |     584 |   0.0 |       0 |       8 |   0.0 |  2131
           D:8 |       0 |    4912 |   0.0 |       0 |      41 |   0.0 |  2084
           D:9 |       0 |    4704 |   0.0 |       0 |      24 |   0.0 |  1905
          D:10 |       0 |    4002 |   0.0 |       0 |      54 |   0.0 |  1589
          D:11 |       0 |     383 |   0.0 |       0 |       3 |   0.0 |    81
          D:13 |       0 |    3955 |   0.0 |       0 |      14 |   0.0 |   138
               +---------+---------+-------+---------+---------+-------+---------
